 Dungeon Crawl Stone Soup version 0.30.0-29-ga12c61a403 (webtiles) character file.

Game seed: 6054730361963750006

539 McKennaii the Conjurer (level 6, -7/45 HPs)
             Began as a Demigod Conjurer on June 5, 2023.
             Mangled by a troll (13 damage)
             ... on level 5 of the Dungeon.
             The game lasted 00:03:43 (5159 turns).

McKennaii the Conjurer (Demigod Conjurer)           Turns: 5159, Time: 00:03:44

Health: -7/45      AC:  5    Str:  8    XL:     6   Next: 75%
Magic:  0/14       EV: 13    Int: 28    God:
Gold:   224        SH:  0    Dex: 12    Spells: 4/11 levels left

rFire   . . .        v - +5 short sword
rCold   . . .        (no shield)
rNeg    . . .        a - +0 robe
rPois   .            (no helmet)
rElec   .            n - +0 cloak
rCorr   .            k - +1 pair of gloves
SInv    .            (no boots)
Will    .....        (no amulet)
Stlth   ++           l - ring of wizardry
HPRegen 0.27/turn    (no ring)
MPRegen 0.14/turn

%: wizardry (x1)
@: no status effects
A: high MP 1, forlorn, divine attributes
a: no special abilities


You were on level 5 of the Dungeon.
You visited 1 branch of the dungeon, and saw 5 of its levels.

You collected 320 gold pieces.
You spent 96 gold pieces at shops.

Inventory:

Hand Weapons
 v - a +5 short sword (weapon)
Missiles
 i - 4 throwing nets
Armour
 a - a +0 robe (worn)
 k - a +1 pair of gloves (worn)
 n - a +0 cloak (worn)
 A - a +2 kite shield
Magical Staves
 y - a staff of earth
Jewellery
 l - a ring of wizardry (left hand)
Wands
 m - a wand of flame (18)
 q - a wand of polymorph (8)
 F - a wand of charming (8)
Scrolls
 c - a scroll of brand weapon {unknown}
 g - 3 scrolls of enchant weapon {unknown}
 p - 2 scrolls of teleportation {unknown}
 s - 3 scrolls of immolation {unknown}
 t - 2 scrolls of amnesia {unknown}
 u - a scroll of torment {unknown}
 w - a scroll of enchant armour {unknown}
 D - a scroll of poison {unknown}
 E - a scroll of identify {unknown}
Potions
 b - a potion of magic
 d - 2 potions of might {unknown}
 e - a potion of lignification {unknown}
 f - a potion of invisibility {unknown}
 h - 2 potions of mutation {unknown}
 j - 4 potions of curing
 o - 3 potions of degeneration {unknown}
 r - 2 potions of flight {unknown}
 x - 2 potions of haste {unknown}
 z - 3 potions of heal wounds
 B - a potion of brilliance {unknown}
 C - a potion of attraction {unknown}


   Skills:
 + Level 3.8 Dodging
 + Level 4.0 Stealth
 + Level 3.4 Spellcasting
 + Level 5.0 Conjurations


You had 4 spell levels left.
You knew the following spells:

 Your Spells              Type           Power      Damage    Failure   Level
a - Magic Dart            Conj           100%       1d8       1%          1
b - Searing Ray           Conj           64%        2d6       1%          2
c - Iskenderun's Mystic   Conj/Tloc      18%        2d6       12%         4

Your spell library contained the following spells:

 Spells                   Type           Power      Damage    Failure   Level
 Dazzling Flash           Conj/Hex       36%        N/A       3%          3
 Ensorcelled Hibernation  Hex/Ice        8%         N/A       4%          2
 Poisonous Vapours        Pois/Air       8%         N/A       4%          2
 Mephitic Cloud           Conj/Pois/Air  14%        N/A       4%          3
 Call Canine Familiar     Summ           4%         N/A       10%         3
 Frozen Ramparts          Ice            8%         1d2       10%         3
 Ozocubu's Armour         Ice            4%         N/A       10%         3
 Portal Projectile        Hex/Tloc       8%         N/A       10%         3
 Spider Form              Tmut/Pois      4%         N/A       10%         3
 Fulminant Prism          Conj/Hex       9%         3d7       12%         4
 Anguish                  Hex/Necr       2%         N/A       30%         4
 Ice Form                 Ice/Tmut       4%         N/A       30%         4
 Leda's Liquefaction      Hex/Erth       2%         N/A       30%         4
 Summon Ice Beast         Ice/Summ       4%         N/A       30%         4
 Freezing Cloud           Conj/Ice/Air   7%         6-21      38%         5
 Ozocubu's Refrigeration  Ice            2%         4d7       100%        7


Dungeon Overview and Level Annotations

Branches:
Dungeon (5/15)             Temple (0/1) D:5

Shops:
D:4 !


Innate Abilities, Weirdness & Mutations

You have an increased reservoir of magic. (+10% MP)
You shall have no god before yourself.
Your divine heritage dramatically boosts your attributes as you level up.


Message History

The spell is quite dangerous to miscast (12% risk of failure)!
Continue anyway?
Okay, then.
The searing ray hits the troll.
The troll is severely wounded.
The searing ray hits the adder.
The adder is heavily wounded.
The troll completely misses you. The troll claws you. x2
Unknown command.
The searing ray hits the troll.
The troll is severely wounded.
The searing ray hits the adder.
The adder is heavily wounded.
The searing ray misses the phantom.
The troll bites you!
* * * LOW HITPOINT WARNING * * *
The troll closely misses you. x2
Casting: Iskenderun's Mystic Blast (quite dangerous; 12% risk of failure)
Confirm with . or Enter, or press ? or * to list all spells.
The spell is quite dangerous to miscast (12% risk of failure)!
Continue anyway?
You erupt in a blast of force!
The mystic blast hits the adder!
You kill the adder!
The mystic blast hits the troll.
The troll is almost dead.
The troll is knocked back by the mystic blast.
Your Conjurations skill increases to level 5!
Unknown command.
Unknown command.
Casting: Iskenderun's Mystic Blast (quite dangerous; 12% risk of failure)
Confirm with . or Enter, or press ? or * to list all spells.
Aiming: Searing Ray (safe; 1% risk of failure)
Press: ? - help, Shift-Dir - straight line, f/p - troll
Aim: a troll (almost dead, 81% to hit)
The searing ray misses the troll.
The searing ray hits the phantom!
The phantom is heavily damaged. (Press . to maintain the ray.) Unknown command.
Unknown command.
You hit the troll.
The troll is almost dead.
The troll bites you!
You die...

### .. #..
....###.###.#####
...............>#
#W#.#..##.#
#T#....##.#
#@#.......#
#.#.....#.#####
##(#..#........#
#.....#..#.###.#
#.#.#####.#......#.#
#.........#..#.#.#.#
###.####..#...<..#.#
####..#..#.###.#
..##..#..#.# #.####


You could see a troll and a phantom.

Vanquished Creatures
  A water moccasin (D:5)
  An ogre (D:4)
  A bullfrog (D:4)
  Terence (D:2)
  An orc priest (D:5)
  An iguana (D:5)
  7 adders
  4 gnolls (D:4)
  3 worms
  A dart slug (D:2)
  7 orcs
  5 endoplasms
  5 giant cockroaches
  5 goblins
  15 hobgoblins
  4 quokkas
  6 ball pythons
  3 bats
  2 frilled lizards
  9 kobolds
  7 rats
89 creatures vanquished.

Notes
Turn   | Place    | Note
-------+----------+-------------------------------------------
     0 | D:1      | McKennaii the Demigod Conjurer began the quest for the Orb.
     0 | D:1      | Reached XP level 1. HP: 14/14 MP: 5/5
   253 | D:1      | Reached XP level 2. HP: 20/20 MP: 0/7
   777 | D:2      | Noticed Terence
   810 | D:1      | Learned a level 2 spell: Searing Ray
  1079 | D:2      | Reached XP level 3. HP: 26/26 MP: 3/8
  1251 | D:2      | Reached skill level 4 in Conjurations
  1457 | D:2      | Killed Terence
  1458 | D:2      | Reached XP level 4. HP: 33/33 MP: 1/10
  2820 | D:3      | Learned a level 4 spell: Iskenderun's Mystic Blast
  3097 | D:4      | Found Memmal's Distillery.
  3115 | D:4      | Bought a potion of curing for 36 gold pieces
  3115 | D:4      | Bought a potion of heal wounds for 60 gold pieces
  3320 | D:4      | Noticed an ogre
  3334 | D:4      | Killed an ogre
  3335 | D:4      | Reached XP level 5. HP: 38/38 MP: 0/12
  3742 | D:4      | Reached XP level 6. HP: 38/45 MP: 8/13
  4466 | D:5      | Entered Level 5 of the Dungeon
  4574 | D:5      | Found a staircase to the Ecumenical Temple.
  4584 | D:5      | Noticed a water moccasin
  4590 | D:5      | Killed a water moccasin
  5147 | D:5      | Noticed a troll
  5158 | D:5      | Reached skill level 5 in Conjurations
  5159 | D:5      | Mangled by a troll

Illustrated notes

Levels and vault maps discovered:
D:1:      dpeg_arrival_round_a, layout_rooms
D:2:      layout_basic, serial_curves, eino_curves_04, eino_curves_02,
          basic_altar, kennysheep_generic_room_3, uniq_terence
D:3:      layout_loops_ring, ebering_ecumenical_altar_ruins, amethyst_killhole,
          st_stairs_3
D:4:      layout_basic, serial_shops, shop
D:5:      layout_basic, minmay_temple_entry_mini_moons

Skill      XL: |  1  2  3  4  5  6 |
---------------+-------------------+-----
Stealth        | 2 3 4 |  4.0
Dodging        | 2 3 |  3.8
Spellcasting   | 2 3 |  3.4
Conjurations   | 4 5 |  5.0

Action                     |  1- 3 |  4- 6 || total
---------------------------+-------+-------++-------
  Melee: Unarmed           |    10 |       ||    10
         Short sword       |       |     1 ||     1
   Cast: Magic Dart        |    82 |   113 ||   195
         Searing Ray       |     1 |    14 ||    15
         Iskenderun's Myst |       |     1 ||     1
 Armour: Robe              |       |     7 ||     7
  Dodge: Dodged            |    18 |    17 ||    35
